 Dungeon Crawl Stone Soup version 0.24.1 (webtiles) character file.

Game seed: 13427254109254551467, levelgen mode: deterministic

1893 H0rd4k the Slasher (level 9, 0/64 HPs)
             Began as a Human Artificer on Apr 1, 2020.
             Was an Initiate of Gozag.
             Slain by a wolf (8 damage)
             ... on level 8 of the Dungeon.
             The game lasted 00:09:21 (6332 turns).

H0rd4k the Slasher (Human Artificer)                Turns: 6332, Time: 00:09:22

Health: 0/64       AC:  7    Str: 16    XL:     9   Next: 37%
Magic:  12/12      EV: 17    Int:  9    God:    Gozag
Gold:   313        SH:  0    Dex: 13    Spells: 12/13 levels left

rFire    . . .     SeeInvis .   A - +2 falchion (elec)
rCold    . . .     Gourm    +   (no shield)
rNeg     . . .     Faith    .   C - +3 leather armour
rPois    .         Spirit   .   (no helmet)
rElec    .         Reflect  .   (no cloak)
rCorr    .         Harm     .   (no gloves)
MR       .....                  s - +0 pair of boots
Stlth    ++........             j - amulet of the gourmand
HPRegen  0.20/turn              k - -3 ring of intelligence (curse)
MPRegen  0.13/turn              m - +3 ring of evasion

@: about to teleport
A: no striking features
a: Potion Petition, Call Merchant, Bribe Branch, Renounce Religion


You were on level 8 of the Dungeon.
You worshipped Gozag.
Gozag was aware of your devotion.
You were not hungry.

You visited 2 branches of the dungeon, and saw 9 of its levels.

You collected 400 gold pieces.
You paid 87 gold pieces to Gozag.

Inventory:

Hand Weapons
 a - a +0 short sword
 A - a +2 falchion of electrocution (weapon)
Missiles
 o - 9 poisoned darts (quivered)
Armour
 b - a +0 leather armour
 s - a +0 pair of boots (worn)
 C - a +3 leather armour (worn)
Jewellery
 i - an uncursed ring of protection from fire
 j - an amulet of the gourmand (around neck)
 k - a cursed -3 ring of intelligence (left hand)
 m - a +3 ring of evasion (right hand)
 H - the ring "Lydakkut" {rC+ rN+, unknown}
   (You found it on level 5 of the Dungeon)

   [ring of positive energy]

   It protects you from cold.
   It protects you from negative energy.
Wands
 c - a wand of flame (29)
 d - a wand of enslavement (20)
 e - a wand of random effects (8)
 B - a wand of polymorph (12)
 G - a wand of clouds (4)
Scrolls
 p - 4 scrolls of teleportation
 q - 5 scrolls of fear {unknown}
 t - 5 scrolls of identify {unknown}
 v - 5 scrolls of magic mapping {unknown}
 x - 2 scrolls of amnesia {unknown}
 y - a scroll of enchant weapon {unknown}
 D - 2 scrolls of fog {unknown}
 E - a scroll of torment {unknown}
 F - a scroll of immolation {unknown}
 J - a scroll of remove curse {unknown}
Potions
 g - 3 potions of agility {unknown}
 h - a potion of flight {unknown}
 l - 8 potions of curing {unknown}
 n - a potion of degeneration {unknown}
 r - 2 potions of brilliance {unknown}
 u - 2 potions of heal wounds {unknown}
 w - a potion of cancellation {unknown}
 z - 2 potions of might {unknown}
 I - a potion of invisibility {unknown}
Comestibles
 f - 19 rations


   Skills:
 + Level 3.6 Fighting
 + Level 3.0(5.1) Short Blades
 + Level 6.4(6.8) Long Blades
 + Level 0.3 Throwing
 + Level 2.6 Armour
 + Level 4.6 Dodging
 + Level 3.8 Stealth
 * Level 2.5 Spellcasting
 * Level 2.9 Transmutations
 + Level 3.9 Evocations


You had 12 spell levels left.
You knew the following spells:

 Your Spells              Type           Power        Failure   Level  Hunger
a - Beastly Appendage     Tmut           #.....       11%         1    ##.....

Your spell library contained the following spells:

 Spells                   Type           Power        Failure   Level  Hunger
 Sticks to Snakes         Tmut           #.......     17%         2    ###....
 Spider Form              Tmut/Pois      #.........   52%         3    ####...
 Ice Form                 Ice/Tmut       #.......     90%         4    #####..
 Blade Hands              Tmut           #.........   97%         5    ######.


Dungeon Overview and Level Annotations

Branches:
Dungeon (8/15)             Temple (1/1) D:7
   Lair: D:8-11

Altars:
Ashenzari
Cheibriados
Dithmenos
Elyvilon
Fedhas
Gozag
Hepliaklqana
Kikubaaqudgha
Makhleb
Nemelex Xobeh
Okawaru
Qazlal
Ru
Sif Muna
Trog
Uskayaw
Vehumet
Wu Jian
Xom
Yredelemnul
Zin
The Shining One

Shops:
D:6 *

Annotations:
D:5 Prince Ribbit


Message History

The wolf is moderately wounded.
The wolf misses you. The sky beast hits you.
* * * LOW HITPOINT WARNING * * *
The sky beast shocks you.
* * * LOW HITPOINT WARNING * * *
You barely miss the wolf.
The wolf is moderately wounded.
The sentinel's mark upon you fades away.
The wolf misses you. x2
A hound comes into view.
The sky beast hits you.
* * * LOW HITPOINT WARNING * * *
The sky beast shocks you.
* * * LOW HITPOINT WARNING * * *
You completely miss the wolf.
The wolf is moderately wounded.
The bullfrog zombie is no longer distracted by gold.
The wolf bites you!
You die...
Your body crumbles into a pile of gold.

.....# #...# #...#
##### #...##### #
#...# #.....).#
.#.####...##
##..###.#########
...........# #..#
#..........
...........######hh#
#..........
..%..........oY@hZ>#
#..........
...>.......#########
#.....)....
...........#
#####..........
...........#
#..............
...........#
#.####.........
..|........#
#.##.'.........
...........#
#.##.#.........
############
#.##.#.........
#.##.#.........


You could see a sky beast, 2 wolves, a hound, an orc and a bullfrog zombie.

Vanquished Creatures
  A hippogriff (D:6)
  A spriggan (D:7)
  2 ice beasts (D:7)
  A phantom (D:4)
  2 black bears
  2 ogres
  2 centaurs
  A bullfrog (D:7)
  3 crimson imps
  A bullfrog zombie (D:8)
  3 hounds
  A centaur zombie (D:8)
  3 orc priests
  2 orc wizards
  5 worker ants
  7 adders
  2 shadow imps
  2 adder zombies
  2 worms (D:3)
  3 dart slugs
  3 leopard geckos
  23 orcs
  A ball python (D:5)
  8 bats
  4 giant cockroaches
  10 hobgoblins
  5 jackals
  4 quokkas
  5 frilled lizards
  10 goblins
  7 kobolds
  A quokka skeleton (D:4)
  5 rats
132 creatures vanquished.

Vanquished Creatures (collateral kills)
  An adder (D:3)
  A worm (D:2)
  An orc (D:3)
3 creatures vanquished.

Vanquished Creatures (others)
  An adder (D:2)
  5 orcs (D:3)
6 creatures vanquished.

Grand Total: 141 creatures vanquished

Notes
Turn   | Place    | Note
-------+----------+-------------------------------------------
     0 | D:1      | H0rd4k the Human Artificer began the quest for the Orb.
     0 | D:1      | Reached XP level 1. HP: 15/15 MP: 3/3
   107 | D:1      | Reached XP level 2. HP: 13/21 MP: 4/4
   758 | D:1      | Reached XP level 3. HP: 21/26 MP: 5/5
   900 | D:2      | Found a sacrificial altar of Ru.
   959 | D:2      | Reached XP level 4. HP: 14/32 MP: 6/6
  1683 | D:2      | Found a hazy altar of Hepliaklqana.
  2316 | D:3      | Reached XP level 5. HP: 25/37 MP: 7/7
  2344 | D:3      | Reached skill level 1 in Armour
  2745 | D:3      | Found a glowing golden altar of the Shining One.
  2784 | D:3      | Found a stormy altar of Qazlal.
  2796 | D:3      | Reached XP level 6. HP: 41/44 MP: 8/8
  2940 | D:3      | Reached skill level 1 in Long Blades
  2957 | D:3      | Found a blossoming altar of Fedhas.
  2958 | D:3      | Found a shadowy altar of Dithmenos.
  3229 | D:3      | Found an ancient bone altar of Kikubaaqudgha.
  3229 | D:3      | Found a bloodstained altar of Trog.
  3234 | D:3      | Found a sparkling altar of Nemelex Xobeh.
  3246 | D:3      | Found a basalt altar of Yredelemnul.
  3248 | D:3      | Found a shimmering altar of Xom.
  3552 | D:4      | Noticed an ogre
  3596 | D:4      | Reached skill level 2 in Long Blades
  3731 | D:4      | Reached XP level 7. HP: 50/50 MP: 9/9
  3759 | D:4      | Reached skill level 3 in Long Blades
  4156 | D:5      | Entered Level 5 of the Dungeon
  4158 | D:5      | Noticed Prince Ribbit
  4263 | D:5      | Reached skill level 4 in Long Blades
  4263 | D:5      | Reached XP level 8. HP: 57/57 MP: 10/10
  4344 | D:5      | Found a snail-covered altar of Cheibriados.
  4591 | D:5      | Learned a level 1 spell: Beastly Appendage
  4728 | D:5      | Got a scintillating pewter ring
  5078 | D:6      | Found Sowkuh's General Store.
  5464 | D:6      | Found a white marble altar of Elyvilon.
  5642 | D:7      | Found a staircase to the Ecumenical Temple.
  5648 | D:7      | Reached skill level 1 in Spellcasting
  5648 | D:7      | Reached skill level 1 in Transmutations
  5663 | D:7      | Reached skill level 5 in Long Blades
  5678 | Temple   | Entered the Ecumenical Temple
  5722 | Temple   | Became a worshipper of Gozag Ym Sagoz the Greedy
  5764 | D:7      | Noticed a hippogriff
  5792 | D:6      | Killed a hippogriff
  5799 | D:7      | Reached XP level 9. HP: 56/63 MP: 12/12
  6138 | D:7      | Reached skill level 6 in Long Blades
  6332 | D:8      | Slain by a wolf

Levels and vault maps discovered:
D:1:      ncdulo_watergridlock, layout_rooms, minmay_three_crescents
D:2:      layout_loops_ring, lemuel_round_altar, lemuel_doored_altar
D:3:      layout_basic, marbit_many_paths, nicolae_overflow_crystal_walls,
          chequers_temple_overflow_minitemple, gammafunk_temple_overflow_pools,
          nrook_mini_vaults
D:4:      layout_loops_ring
D:5:      layout_basic, kennysheep_mini_moat, first_ration, uniq_prince_ribbit1
D:6:      layout_basic, kennysheep_little_box, serial_shops, shop_fountains,
          minivault_1
D:7:      layout_rooms, minmay_temple_entry_statues_pillars, the_bakery
D:8:      layout_basic, erik_lair_island, basic_altar
Temple:   jpeg_temple_island

Skill      XL: |  1  2  3  4  5  6  7  8  9 |
---------------+----------------------------+-----
Short Blades   | 2 3 |  3.0
Dodging        | 3 4 |  4.6
Armour         | 1 2 |  2.6
Stealth        | 2 3 |  3.8
Long Blades    | 2 4 5 6 |  6.4
Fighting       | 2 3 |  3.6
Spellcasting   | 2 |  2.5
Transmutations | 2 |  2.9
Throwing       | |  0.3
Evocations     | |  3.9

Action                   |  1- 3 |  4- 6 |  7- 9 || total
-------------------------+-------+-------+-------++-------
Melee: Short sword       |   106 |   123 |       ||   229
       Falchion          |       |    74 |   142 ||   216
Throw: Dart              |       |     5 |       ||     5
Evoke: Wand              |     5 |    19 |       ||    24
  Use: Scroll            |       |       |     2 ||     2
 Stab: Sleeping          |     1 |     3 |     5 ||     9
       Distracted        |       |       |     2 ||     2
  Eat: Chunk             |       |    11 |     3 ||    14
       Ration            |       |       |     1 ||     1
Armor: Leather armour    |    36 |    45 |    40 ||   121
Dodge: Dodged            |    73 |   164 |   132 ||   369
       Rpst.: Falchion   |       |    15 |    40 ||    55
